[Event "Titled Tuesday Blitz June 6 Early 2023"]
[White "ZeGood_ZeBad_ZeUgly"]
[Black "Kokoszczynski, Jan"]
[BlackFideId "1174460"]
[WhiteElo "2222"]
[BlackElo "2139"]
[Result "0-1"]
[Round "5"]
[TimeControl "180+2"]
[Date "2023.06.06"]
[WhiteClock "0:00:01"]
[BlackClock "0:00:06"]
[Board "136"]

1. Nf3 Nf6 2. g3 b6 3. Bg2 Bb7 4. c4 c5 5. O-O g6 6. Nc3 Bg7 7. d4 cxd4 8. Qxd4 O-O 9. Be3 Ne4 10. Qd3 Nxc3 11. bxc3 d6 12. Nd4 Bxg2 13. Kxg2 Qc8 14. Qe4 Bxd4 15. cxd4 Nc6 16. Rac1 Qd7 17. Rfd1 Rac8 18. c5 d5 19. Qh4 b5 20. Bh6 Rfe8 21. Rc3 b4 22. Rf3 a5 23. Qf4 f6 24. e4 a4 25. e5 f5 26. g4 e6 27. gxf5 exf5 28. Bg5 Rb8 29. Bf6 b3 30. axb3 axb3 31. Rb1 b2 32. Qd2 Rb4 33. Rd3 Reb8 34. Qh6 Nd8 35. h4 Qf7 36. Qd2 Ne6 37. h5 f4 38. hxg6 Qxg6+ 39. Kh2 Qh5+ 40. Rh3 Qf5 41. Rg1+ Kf7 42. Rb1 Qxb1 43. Qxf4 Nxf4 44. Rxh7+ Qxh7+ 0-1


[Site "https://www.chess.com"]

[Event "Titled Tuesday Blitz June 6 Early 2023"]
[White "i_like_explosions"]
[Black "Chemin, Justo Reinaldo"]
[BlackFideId "2101580"]
[WhiteElo "2458"]
[BlackElo "1940"]
[Result "1-0"]
[Round "5"]
[TimeControl "180+2"]
[Date "2023.06.06"]
[WhiteClock "0:00:35"]
[BlackClock "0:00:09"]
[Board "137"]

1. d4 e6 2. c4 d5 3. cxd5 exd5 4. Nc3 c6 5. Nf3 Bd6 6. Bg5 Qb6 7. Qd2 Bf5 8. e3 Nd7 9. Be2 Ngf6 10. O-O h6 11. Bh4 O-O 12. Bg3 Bxg3 13. hxg3 Rfe8 14. Rfc1 Re7 15. Ne1 Rae8 16. Nd3 Bg4 17. Bf1 Bh5 18. Nf4 Bg4 19. Nd3 Bf5 20. Rab1 Qc7 21. b4 Qd6 22. Rb2 Ng4 23. Nc5 Nxc5 24. bxc5 Qg6 25. Be2 h5 26. Bxg4 Qxg4 27. Ne2 h4 28. gxh4 Qxh4 29. Ng3 Bc8 30. Qe2 Bg4 31. Qf1 Re6 32. Qd3 Rh6 33. Rxb7 Qh2+ 34. Kf1 Ree6 35. Rb8+ 1-0


[Site "https://www.chess.com"]

[Event "Titled Tuesday Blitz June 6 Early 2023"]
[White "Amitpal, Singh"]
[Black "Balla, Tamas-Kristof"]
[WhiteFideId "5012899"]
[BlackFideId "1208497"]
[WhiteElo "2107"]
[BlackElo "2334"]
[Result "1-0"]
[Round "5"]
[TimeControl "180+2"]
[Date "2023.06.06"]
[WhiteClock "0:00:38"]
[BlackClock "0:00:08"]
[Board "138"]

1. e4 c5 2. Nf3 Nc6 3. d3 g6 4. Nbd2 Bg7 5. g3 d6 6. Bg2 e6 7. O-O Nge7 8. h4 O-O 9. h5 h6 10. hxg6 fxg6 11. Nc4 e5 12. Nh2 Be6 13. Ne3 Qd7 14. Nd5 Bh3 15. Be3 Bxg2 16. Kxg2 Nxd5 17. exd5 Nd4 18. Bxd4 cxd4 19. c4 dxc3 20. bxc3 Rac8 21. c4 Qf5 22. Rb1 b6 23. Qf3 Qd7 24. Qe4 Rf5 25. Ng4 Rcf8 26. Ne3 R5f6 27. Rb2 h5 28. Re2 Kh7 29. Rh1 Kg8 30. Rh4 Qe8 31. Nd1 a6 32. f4 Rf5 33. Ne3 R5f7 34. fxe5 Qxe5 35. Qxg6 Rf3 36. Rxh5 Rxg3+ 37. Qxg3 Qxh5 38. Ng4 Qf5 39. Nh6+ Kh8 40. Nxf5 Rxf5 41. Re8+ 1-0


[Site "https://www.chess.com"]

[Event "Titled Tuesday Blitz June 6 Early 2023"]
[White "Butolo, Alexandru-Mircea"]
[Black "Principe, Alexander"]
[WhiteFideId "1261649"]
[BlackFideId "3804542"]
[WhiteElo "1850"]
[BlackElo "2203"]
[Result "0-1"]
[Round "5"]
[TimeControl "180+2"]
[Date "2023.06.06"]
[WhiteClock "0:00:31"]
[BlackClock "0:02:27"]
[Board "139"]

1. d4 Nf6 2. c4 g6 3. g3 Bg7 4. Bg2 O-O 5. Nf3 d6 6. O-O c6 7. Nc3 Qa5 8. e4 Bg4 9. h3 Bxf3 10. Bxf3 Nbd7 11. Bg2 Rac8 12. a3 Qa6 13. Qe2 e5 14. Be3 Rfe8 15. Rfe1 exd4 16. Bxd4 Ne5 17. b3 Nh5 18. f4 Nxg3 19. Qf2 Nd3 20. Qxg3 Bxd4+ 0-1


[Site "https://www.chess.com"]

[Event "Titled Tuesday Blitz June 6 Early 2023"]
[White "Ibadov, Dashgyn"]
[Black "Ziatdinov, Raset"]
[WhiteFideId "24107514"]
[BlackFideId "2015323"]
[WhiteElo "2208"]
[BlackElo "2220"]
[Result "1-0"]
[Round "5"]
[TimeControl "180+2"]
[Date "2023.06.06"]
[WhiteClock "0:00:15"]
[BlackClock "0:00:20"]
[Board "140"]

1. e4 c5 2. Nf3 e6 3. d4 cxd4 4. Nxd4 a6 5. Nc3 Qc7 6. Bd3 Bb4 7. O-O Nf6 8. Be3 Nc6 9. Nxc6 bxc6 10. f4 d5 11. exd5 cxd5 12. Ne2 Bb7 13. Nd4 Ne4 14. Qg4 O-O 15. c3 Bc5 16. Bxe4 dxe4 17. f5 e5 18. f6 g6 19. Nc2 Rfd8 20. Rae1 Rd2 21. Bxc5 Qxc5+ 22. Ne3 Rad8 23. Qg5 Rxb2 24. Kh1 Rd3 25. Nf5 e3 26. Ne7+ Kh8 27. Qh6 Bxg2+ 28. Kg1 e2+ 29. Rf2 Qxf2+ 30. Kxf2 Rf3+ 31. Kxg2 1-0


[Site "https://www.chess.com"]

[Event "Titled Tuesday Blitz June 6 Early 2023"]
[White "Pavlidou, Ekaterini"]
[Black "Goryachkina, Aleksandra"]
[WhiteFideId "4213262"]
[BlackFideId "4147103"]
[WhiteElo "2126"]
[BlackElo "2471"]
[Result "0-1"]
[Round "5"]
[TimeControl "180+2"]
[Date "2023.06.06"]
[WhiteClock "0:00:07"]
[BlackClock "0:00:07"]
[Board "141"]

1. d4 Nf6 2. c4 e6 3. Nc3 Bb4 4. e3 O-O 5. Bd3 c5 6. Ne2 cxd4 7. exd4 d5 8. a3 Be7 9. O-O dxc4 10. Bxc4 Nbd7 11. Bg5 Nb6 12. Ba2 h6 13. Bh4 Nfd5 14. Bg3 Bd7 15. Rc1 Rc8 16. Bb1 Bc6 17. Ne4 Nf6 18. Nc5 Nbd5 19. b4 b6 20. Nd3 Bb5 21. Rxc8 Qxc8 22. Qd2 Qa6 23. Nef4 Qxa3 24. Rc1 Nxf4 25. Bxf4 Bxd3 26. Bxd3 Bxb4 27. Qd1 Nd5 28. Be5 Rd8 29. Ra1 Qc3 30. Rc1 Qd2 31. Qf1 a5 32. Rd1 Qg5 33. f4 Qe7 34. f5 f6 35. fxe6 fxe5 36. Qf5 Nf6 37. dxe5 Qc5+ 38. Kh1 Bc3 39. exf6 Qxf5 40. e7 Rxd3 41. e8=Q+ Kh7 42. Rg1 Qxf6 43. Qe4+ Qg6 44. Qb7 Bd4 45. Rf1 Bc5 46. Qa8 Rd2 47. Re1 a4 48. Rf1 a3 49. Re1 a2 50. Rf1 Rb2 0-1


[Site "https://www.chess.com"]

[Event "Titled Tuesday Blitz June 6 Early 2023"]
[White "Yanayt, Eugene"]
[Black "Belov, Alexei"]
[WhiteFideId "2020165"]
[BlackFideId "4128206"]
[WhiteElo "2083"]
[BlackElo "2625"]
[Result "0-1"]
[Round "5"]
[TimeControl "180+2"]
[Date "2023.06.06"]
[WhiteClock "0:00:17"]
[BlackClock "0:00:31"]
[Board "142"]

1. e4 e6 2. d4 d5 3. Nc3 Nf6 4. e5 Ne4 5. Nxe4 dxe4 6. Bc4 a6 7. a4 b6 8. Be3 Bb7 9. h4 c5 10. Ne2 Nc6 11. d5 Nxe5 12. Bb3 exd5 13. Ng3 c4 14. Ba2 Bb4+ 15. Kf1 O-O 16. Qh5 Qf6 17. Rd1 Bc5 18. Bxc5 bxc5 19. Rh3 g6 20. Qe2 Bc8 21. Rxd5 Bxh3 22. gxh3 Rfe8 23. Rxc5 Rad8 24. Nxe4 Qxh4 25. Kg2 Rd4 26. Ng3 Qg5 27. Bxc4 Qf4 28. Bxa6 Rd2 29. Qe1 Qf3+ 30. Kg1 Rd1 31. Qxd1 Qxd1+ 32. Bf1 Nf3+ 33. Kg2 Nh4+ 34. Kg1 Re1 35. a5 Nf3+ 36. Kg2 Nd2 37. Bd3 Qf3+ 38. Kh2 Qxf2# 0-1


[Site "https://www.chess.com"]

[Event "Titled Tuesday Blitz June 6 Early 2023"]
[White "Vifleemskaia, Svetlana"]
[Black "Perske, Thore"]
[WhiteFideId "4129490"]
[BlackFideId "12902195"]
[WhiteElo "1930"]
[BlackElo "2336"]
[Result "0-1"]
[Round "5"]
[TimeControl "180+2"]
[Date "2023.06.06"]
[WhiteClock "0:00:31"]
[BlackClock "0:01:17"]
[Board "143"]

1. d4 Nf6 2. c4 g6 3. Nc3 Bg7 4. e4 d6 5. Nge2 O-O 6. Ng3 a6 7. Be2 h5 8. Bg5 c5 9. d5 b5 10. cxb5 axb5 11. Bxb5 Ba6 12. a4 Nbd7 13. O-O Ne5 14. Qe2 Qa5 15. Ra3 Bxb5 16. Nxb5 Rfb8 17. Bd2 Qa6 18. h4 Rb7 19. Bc3 Ned7 20. Rfa1 Nb6 21. b3 Rc8 22. Bb2 c4 23. b4 Nfd7 24. Bxg7 Kxg7 25. Qb2+ f6 26. Nc3 Ne5 27. a5 Nbd7 28. b5 Qa7 29. b6 Qa6 30. Nb5 Nc5 31. Nc7 Rcxc7 32. bxc7 Rxb2 33. c8=Q Qxc8 34. a6 Nxa6 35. Rxa6 Rb1+ 36. Kh2 Rxa1 37. Rxa1 c3 38. Rc1 c2 0-1


[Site "https://www.chess.com"]

[Event "Titled Tuesday Blitz June 6 Early 2023"]
[White "Vaglio Munoz, Jaime"]
[Black "Do Nascimento,Christian Almeida"]
[WhiteFideId "6500145"]
[BlackFideId "2143801"]
[WhiteElo "2199"]
[BlackElo "2078"]
[Result "1-0"]
[Round "5"]
[TimeControl "180+2"]
[Date "2023.06.06"]
[WhiteClock "0:00:55"]
[BlackClock "0:00:07"]
[Board "144"]

1. Nf3 Nf6 2. c4 c5 3. b3 Nc6 4. Bb2 g6 5. g3 Bg7 6. Bg2 O-O 7. O-O d6 8. d4 cxd4 9. Nxd4 Bd7 10. Nd2 Qc8 11. Re1 Nxd4 12. Bxd4 Bc6 13. e4 a5 14. a3 Nd7 15. Nf3 Ne5 16. Nxe5 dxe5 17. Bc3 Qe6 18. Qd2 Rfd8 19. Qb2 a4 20. Rac1 axb3 21. Qxb3 Rd3 22. Bf1 Rdd8 23. Qb2 h5 24. h4 Bf6 25. Kh2 Ra4 26. Bb4 Qg4 27. Bh3 Qf3 28. Re3 Bxe4 29. Rxf3 Bxf3 30. Qb3 Rxb4 31. axb4 e4 32. c5 Rd2 33. Kg1 Bd4 34. Rc2 Bxf2+ 35. Kf1 e3 36. Rxd2 exd2 37. Kxf2 d1=Q 38. Qxd1 Bxd1 39. Bg2 Kf8 40. Bxb7 Ke8 41. b5 Kd8 42. b6 Ba4 43. Bd5 e6 44. Bf3 Kd7 45. Ke3 Bc6 46. Be2 f6 47. Kd4 g5 48. Bxh5 gxh4 49. gxh4 e5+ 50. Ke3 f5 51. Bf3 f4+ 52. Ke2 e4 53. Bg4+ Ke7 54. h5 Kf6 55. Bc8 e3 56. b7 Bb5+ 57. Kf3 e2 58. Kf2 1-0


[Site "https://www.chess.com"]

[Event "Titled Tuesday Blitz June 6 Early 2023"]
[White "Escanor89"]
[Black "Sarkar, Justin"]
[BlackFideId "2010011"]
[WhiteElo "2533"]
[BlackElo "2151"]
[Result "1-0"]
[Round "5"]
[TimeControl "180+2"]
[Date "2023.06.06"]
[WhiteClock "0:00:14"]
[BlackClock "0:00:01"]
[Board "145"]

1. e4 e5 2. Nf3 Nc6 3. Bc4 Be7 4. O-O d6 5. c3 Nf6 6. d3 O-O 7. Bb3 Na5 8. Bc2 c5 9. Nbd2 Nc6 10. a4 Re8 11. Re1 Bf8 12. Nc4 d5 13. exd5 Qxd5 14. Bg5 Bg4 15. Re3 Nd7 16. Bb3 Bxf3 17. Rxf3 e4 18. Ne3 Qxg5 19. Rxf7 Kh8 20. Rxd7 Ne5 21. Rd5 exd3 22. Qxd3 Nxd3 23. Rxg5 Nxb2 24. Rd5 c4 25. Rb1 cxb3 26. Rxb2 Rad8 27. Rxd8 Rxd8 28. Rxb3 Bc5 29. Rxb7 h6 30. h3 Rd3 31. Nf5 1-0


[Site "https://www.chess.com"]

[Event "Titled Tuesday Blitz June 6 Early 2023"]
[White "Putri, Regita Desyari"]
[Black "Camilla_Lee"]
[WhiteFideId "7109083"]
[WhiteElo "1930"]
[BlackElo "2516"]
[Result "1-0"]
[Round "5"]
[TimeControl "180+2"]
[Date "2023.06.06"]
[WhiteClock "0:00:19"]
[BlackClock "0:01:08"]
[Board "146"]

1. d4 Nf6 2. c4 g6 3. Nf3 Bg7 4. g3 O-O 5. Bg2 c6 6. O-O d5 7. cxd5 cxd5 8. Nc3 Ne4 9. Bf4 Nc6 10. Rc1 Bf5 11. Ne5 Nxe5 12. dxe5 Nxc3 13. Rxc3 e6 14. Rb3 Qc7 15. Qd4 Rfc8 16. h3 g5 17. Bxg5 Bxe5 18. Qh4 Bc2 19. Re3 d4 20. Rxe5 Qxe5 21. Bf6 Qf5 22. Bxb7 d3 23. exd3 Bxd3 24. Re1 Rc4 25. Qh6 Qg6 26. Qxg6+ fxg6 27. Bxa8 Kf7 28. Bc3 Rc8 29. Bf3 Bc4 30. a3 Bb3 31. Kg2 Rd8 32. h4 h5 33. Re4 Bd5 34. Rf4+ Ke8 35. Bxd5 Rxd5 36. Rd4 Kd7 37. Rxd5+ exd5 1-0


[Site "https://www.chess.com"]

[Event "Titled Tuesday Blitz June 6 Early 2023"]
[White "Rodriguez Santiago, Jaime"]
[Black "Bilan, Danila"]
[WhiteFideId "3100898"]
[BlackFideId "24161918"]
[WhiteElo "2025"]
[BlackElo "2146"]
[Result "0-1"]
[Round "5"]
[TimeControl "180+2"]
[Date "2023.06.06"]
[WhiteClock "0:00:11"]
[BlackClock "0:00:05"]
[Board "147"]

1. c4 c6 2. d4 d5 3. cxd5 cxd5 4. Bf4 Nf6 5. e3 Nc6 6. Nc3 Bf5 7. Qb3 Na5 8. Qa4+ Bd7 9. Qc2 Rc8 10. Rc1 e6 11. Bd3 Nc4 12. h3 Bb4 13. Ne2 O-O 14. O-O h6 15. a3 Be7 16. Rfd1 a6 17. a4 Bb4 18. b3 Nd6 19. Qb1 Qe7 20. Bg3 Rc6 21. Na2 Ba3 22. Rxc6 Bxc6 23. Rd2 Nde4 24. Rc2 Nxg3 25. Nxg3 Bd6 26. Ne2 Bb8 27. Bxa6 Qd6 28. Bd3 Qh2+ 29. Kf1 Qh1+ 30. Ng1 Bh2 31. Ke2 Bxg1 32. Rc1 Qxg2 33. Rxg1 Qxh3 34. Rg3 Qh5+ 35. Kd2 Rc8 36. Qg1 g5 37. Nc3 Bd7 38. Ne2 Ne4+ 39. Bxe4 dxe4 40. Nf4 Qh4 41. Ng2 Qh5 42. Nf4 Qh4 43. Ne2 b5 44. Rg4 Qh5 45. Rxe4 bxa4 46. bxa4 Qg6 47. Qg2 Bc6 48. f3 Bxe4 49. fxe4 Ra8 50. Nc3 Rb8 51. e5 Rb2+ 0-1


[Site "https://www.chess.com"]

[Event "Titled Tuesday Blitz June 6 Early 2023"]
[White "Srdanovic, Jovana"]
[Black "Jiganchine, Roman"]
[WhiteFideId "954810"]
[BlackFideId "2603667"]
[WhiteElo "2155"]
[BlackElo "2292"]
[Result "1/2-1/2"]
[Round "5"]
[TimeControl "180+2"]
[Date "2023.06.06"]
[WhiteClock "0:00:34"]
[BlackClock "0:00:16"]
[Board "148"]

1. d4 d5 2. c4 e6 3. Nc3 Nf6 4. Bg5 Be7 5. e3 h6 6. Bh4 dxc4 7. Bxc4 O-O 8. Nf3 c5 9. O-O a6 10. Rc1 b5 11. Be2 Nbd7 12. Ne5 Bb7 13. Bf3 Bxf3 14. Qxf3 cxd4 15. Nc6 Qe8 16. Nxe7+ Qxe7 17. exd4 Qd6 18. Rfd1 Rac8 19. Bg3 Qb4 20. Qe2 Nb6 21. a3 Qc4 22. Qf3 Qb3 23. Qe2 Nbd5 24. Rd3 b4 25. axb4 Qxb4 26. h3 a5 27. Be5 a4 28. Ra1 Nxc3 29. bxc3 Qb5 30. Re3 Qxe2 31. Rxe2 Nd5 32. Rc2 Nxc3 33. Kh2 Nd5 34. Rxc8 Rxc8 35. Rxa4 f6 36. Bd6 h5 37. Bc5 Kf7 38. h4 Kg6 39. Ra7 Rb8 40. Kg3 Nc3 41. f3 Nd5 42. Kf2 Rb2+ 43. Kg3 Rb8 44. Kf2 Rb2+ 45. Kg3 Rb8 1/2-1/2


[Site "https://www.chess.com"]

[Event "Titled Tuesday Blitz June 6 Early 2023"]
[White "Petukhov, Dmitry"]
[Black "Rodriguez Polo, Mateo"]
[WhiteFideId "4142748"]
[BlackFideId "24509396"]
[WhiteElo "2311"]
[BlackElo "2117"]
[Result "1-0"]
[Round "5"]
[TimeControl "180+2"]
[Date "2023.06.06"]
[WhiteClock "0:01:23"]
[BlackClock "0:00:03"]
[Board "149"]

1. e4 c5 2. c3 Nf6 3. e5 Nd5 4. d4 cxd4 5. Nf3 d6 6. Qxd4 e6 7. Bb5+ Nc6 8. Na3 Bd7 9. Bxc6 Bxc6 10. Nc4 dxe5 11. Ncxe5 Nf6 12. Nxc6 bxc6 13. Be3 Be7 14. Qxd8+ Bxd8 15. Ne5 Nd5 16. Nxc6 Nxe3 17. fxe3 Bb6 18. Ke2 Rc8 19. Nd4 f6 20. Nxe6 Kf7 21. Nd4 Rhe8 22. Kd3 Re5 23. Rae1 Rg5 24. Re2 Rb8 25. Rf1 Bc7 26. h3 Re8 27. Rf5 Rg3 28. Nf3 Rd8+ 29. Kc2 Re8 30. e4 Bb6 31. a4 g6 32. Rd5 Re7 33. a5 Bc7 34. Kd3 h6 35. b4 g5 36. a6 h5 37. Kc2 Bb6 38. c4 g4 39. hxg4 hxg4 40. Nh4 Re8 41. c5 Bd8 42. Nf5 Ra3 43. Nd6+ Kf8 44. Nxe8 Kxe8 45. e5 Ra2+ 46. Kd3 Ra3+ 47. Kc4 f5 48. e6 Be7 49. Rxf5 Kd8 50. Rd2+ Kc7 51. Rd7+ Kc6 52. Rxe7 Ra4 53. Rff7 g3 54. Rc7# 1-0


[Site "https://www.chess.com"]

[Event "Titled Tuesday Blitz June 6 Early 2023"]
[White "Ginzburg, Yakov"]
[Black "Kuzmin, Ilya"]
[WhiteFideId "4157176"]
[BlackFideId "4153863"]
[WhiteElo "2305"]
[BlackElo "2093"]
[Result "1-0"]
[Round "5"]
[TimeControl "180+2"]
[Date "2023.06.06"]
[WhiteClock "0:00:07"]
[BlackClock "0:00:05"]
[Board "150"]

1. g3 d5 2. Bg2 Nf6 3. c4 c6 4. b3 g6 5. Bb2 Bg7 6. Nf3 O-O 7. O-O Na6 8. d3 Nc5 9. b4 Ne6 10. Nbd2 Re8 11. a4 a6 12. Qb3 Nc7 13. Be5 h6 14. Rfc1 Be6 15. Nd4 dxc4 16. dxc4 Bd7 17. b5 axb5 18. cxb5 Be6 19. Qb2 Nh5 20. Bxg7 Nxg7 21. bxc6 bxc6 22. Nxc6 Qd6 23. Ne4 Qd7 24. Rd1 Qc8 25. a5 Nd5 26. Rac1 Qa6 27. Nc5 Qxc6 28. Nxe6 Qxe6 29. Bxd5 Qf6 30. Qxf6 exf6 31. Bxa8 Rxa8 32. Ra1 Ne6 33. a6 Ra7 34. Rd6 Kg7 35. Kg2 f5 36. h4 h5 37. Rb6 Nc5 38. Rb5 Rxa6 39. Rxa6 Nxa6 40. Kf3 Nc7 41. Rb7 Ne6 42. Ra7 Nd4+ 43. Ke3 Nc2+ 44. Kd3 Ne1+ 45. Kd2 Ng2 46. Ra1 f4 47. Rg1 fxg3 48. Rxg2 gxf2 49. Rxf2 1-0


[Site "https://www.chess.com"]

[Event "Titled Tuesday Blitz June 6 Early 2023"]
[White "Pg, Mohd Omar Ak Hira"]
[Black "Pinheiro, Iung Alicio de O."]
[WhiteFideId "10500103"]
[BlackFideId "2104350"]
[WhiteElo "2167"]
[BlackElo "2283"]
[Result "0-1"]
[Round "5"]
[TimeControl "180+2"]
[Date "2023.06.06"]
[WhiteClock "0:00:24"]
[BlackClock "0:00:18"]
[Board "151"]

1. e4 c5 2. Nf3 Nc6 3. d4 cxd4 4. Nxd4 e5 5. Nb5 d6 6. N1c3 a6 7. Na3 b5 8. Nd5 Nge7 9. Be3 Nxd5 10. exd5 Ne7 11. c4 Nf5 12. cxb5 Nxe3 13. fxe3 Qh4+ 14. Kd2 Qb4+ 15. Kc1 Be7 16. Nc2 Qc5 17. b4 Qc7 18. e4 O-O 19. Kb2 f5 20. Bd3 axb5 21. Ne3 fxe4 22. Bxe4 Rf4 23. Qd3 Rf2+ 24. Nc2 Bg4 25. Bxh7+ Kh8 26. Bg6 e4 27. Qxe4 Bf6+ 28. Kb1 Qc3 29. Kc1 Qb2# 0-1


[Site "https://www.chess.com"]

[Event "Titled Tuesday Blitz June 6 Early 2023"]
[White "Balint, Vilmos"]
[Black "Tanmay Jain"]
[WhiteFideId "718050"]
[BlackFideId "45015481"]
[WhiteElo "2034"]
[BlackElo "2032"]
[Result "0-1"]
[Round "5"]
[TimeControl "180+2"]
[Date "2023.06.06"]
[WhiteClock "0:01:47"]
[BlackClock "0:00:22"]
[Board "152"]

1. e4 c5 2. Nf3 d6 3. d4 cxd4 4. Nxd4 Nf6 5. Nc3 g6 6. Bc4 Bg7 7. f3 O-O 8. Be3 Nbd7 9. Qd2 a6 10. O-O-O b5 11. Nc6 Qe8 12. Bd5 Ne5 13. Nxe7+ Qxe7 14. Bxa8 Nc4 15. Qe2 Be6 16. Bd5 Bxd5 17. exd5 Qxe3+ 18. Qxe3 Nxe3 19. Rd3 Bh6 20. Kb1 Nxg2 21. a4 b4 22. Na2 Nf4 23. Rd4 a5 24. Rhd1 Rc8 25. c3 bxc3 26. Nxc3 Rc5 27. Nb5 N6xd5 28. Nxd6 Bg7 29. Re4 Bf6 30. Re8+ Kg7 31. Rb8 Be5 32. Ne8+ Kh6 33. Rb7 Rc4 34. Rxf7 Rb4 35. Rd2 Rxa4 36. Re2 Nxe2 0-1


[Site "https://www.chess.com"]

[Event "Titled Tuesday Blitz June 6 Early 2023"]
[White "Vera Gonzalez-Quevedo, Reynaldo"]
[Black "Orujov2008"]
[WhiteFideId "3500055"]
[WhiteElo "2461"]
[BlackElo "2477"]
[Result "0-1"]
[Round "5"]
[TimeControl "180+2"]
[Date "2023.06.06"]
[WhiteClock "0:00:04"]
[BlackClock "0:00:11"]
[Board "153"]

1. d4 Nf6 2. c4 e6 3. Nc3 Bb4 4. Qc2 b6 5. a3 Bxc3+ 6. Qxc3 c5 7. dxc5 bxc5 8. Bf4 O-O 9. Bd6 Re8 10. f3 Qb6 11. O-O-O Nc6 12. e3 Bb7 13. Nh3 Rac8 14. Be2 Nd4 15. exd4 Qxd6 16. dxc5 Qxc5 17. b4 Qe7 18. Kb2 d5 19. c5 e5 20. Bb5 d4 21. Qe1 Bc6 22. Bxc6 Rxc6 23. f4 a5 24. Qxe5 Qb7 25. Qxd4 axb4 26. axb4 Rce6 27. Ng5 Re2+ 28. Rd2 h6 29. Nf3 R2e4 30. Re1 Rxe1 31. Nxe1 Rxe1 32. Qc4 Qa7 33. Rd8+ Kh7 34. Qd3+ Ne4 35. Kb3 Qa1 36. Kc4 Qa4 37. Rd4 Rc1+ 38. Kd5 Qa8+ 39. Ke5 Qe8+ 40. Kd5 Qe6# 0-1


[Site "https://www.chess.com"]

[Event "Titled Tuesday Blitz June 6 Early 2023"]
[White "Martin, Lewis"]
[Black "Dushyant Sharma"]
[WhiteFideId "410551"]
[BlackFideId "25065130"]
[WhiteElo "2145"]
[BlackElo "2198"]
[Result "0-1"]
[Round "5"]
[TimeControl "180+2"]
[Date "2023.06.06"]
[WhiteClock "0:01:05"]
[BlackClock "0:01:30"]
[Board "154"]

1. e4 d5 2. exd5 Nf6 3. Bb5+ c6 4. dxc6 Nxc6 5. Nf3 Bg4 6. Bxc6+ bxc6 7. d3 e6 8. Be3 Rb8 9. b3 Nd5 10. O-O Qf6 11. Nbd2 Bb4 12. c4 Nxe3 13. fxe3 Bxd2 14. Qxd2 Bxf3 15. gxf3 O-O 16. d4 Rfd8 17. Rad1 c5 18. d5 Rd6 19. e4 Rbd8 20. Qf2 h6 21. Qxc5 exd5 22. Rxd5 Re6 23. Rxd8+ Qxd8 24. Qe3 Qa5 25. Rf2 Rg6+ 26. Kf1 Qe5 27. f4 Qa1+ 28. Qe1 Rg1+ 29. Kxg1 Qxe1+ 30. Kg2 Qxe4+ 31. Kg3 f5 32. Rf3 g5 33. fxg5 hxg5 34. Rf2 Qg4# 0-1


[Site "https://www.chess.com"]

[Event "Titled Tuesday Blitz June 6 Early 2023"]
[White "Levitan, Caleb Levi"]
[Black "Khromkin, Andrey"]
[WhiteFideId "14332620"]
[BlackFideId "4154126"]
[WhiteElo "1963"]
[BlackElo "2453"]
[Result "1/2-1/2"]
[Round "5"]
[TimeControl "180+2"]
[Date "2023.06.06"]
[WhiteClock "0:00:05"]
[BlackClock "0:00:59"]
[Board "155"]

1. e4 c5 2. Nf3 Nc6 3. Nc3 g6 4. d4 cxd4 5. Nxd4 Bg7 6. Be3 Nf6 7. Be2 O-O 8. O-O d5 9. exd5 Nxd5 10. Nxd5 Nxd4 11. Bxd4 Qxd5 12. Bxg7 Qxd1 13. Raxd1 Kxg7 14. Bf3 Bf5 15. c3 Rac8 16. Rfe1 Kf6 17. Rd2 Rc7 18. Red1 e5 19. g3 Ke7 20. Re1 f6 21. Bg2 Rd8 22. Rxd8 Kxd8 23. Rd1+ Ke7 24. Kf1 Be6 25. a3 Bb3 26. Rd2 f5 27. Ke1 a5 28. Bd5 Ba4 29. Bg8 h6 30. Rd5 Bb3 31. Rxe5+ Kf6 32. Re8 Bxg8 33. Rxg8 Re7+ 34. Kf1 Rd7 35. Ra8 Rd2 36. Rxa5 Rxb2 37. c4 g5 38. Rb5 Rc2 39. Rb6+ Ke5 40. Rxb7 Rxc4 41. Rh7 Ra4 42. Rxh6 Rxa3 43. Rg6 g4 44. Kg2 Ra2 45. Rb6 Rc2 46. Ra6 Rb2 47. Ra5+ Kf6 48. Ra6+ Kg5 49. Ra8 Rc2 50. Rg8+ Kf6 51. Re8 Kg5 52. Kf1 Rb2 53. Re2 Rb1+ 54. Kg2 Rb3 55. h4+ gxh3+ 56. Kxh3 f4 57. Re5+ Kf6 58. Re4 fxg3 59. fxg3 Kg6 60. Re6+ Kg7 61. Kh4 Kg8 62. Ra6 Rb8 63. Ra7 Rc8 64. g4 Rb8 65. g5 Rc8 66. Kh5 Rb8 67. Kh6 Rc8 68. Rg7+ Kh8 69. Re7 Kg8 70. g6 Rb8 71. Rg7+ Kh8 72. Rf7 Kg8 73. Rd7 Rc8 74. Rg7+ Kh8 75. Rh7+ Kg8 76. Rg7+ Kh8 77. Rh7+ Kg8 78. Rg7+ 1/2-1/2


[Site "https://www.chess.com"]

[Event "Titled Tuesday Blitz June 6 Early 2023"]
[White "Sanhueza, Cristian"]
[Black "agvania123"]
[WhiteFideId "116815"]
[WhiteElo "2174"]
[BlackElo "2241"]
[Result "1-0"]
[Round "5"]
[TimeControl "180+2"]
[Date "2023.06.06"]
[WhiteClock "0:01:10"]
[BlackClock "0:00:35"]
[Board "156"]

1. e4 d5 2. exd5 Qxd5 3. Nc3 Qd8 4. d4 Nf6 5. Nf3 g6 6. Ne5 Bg7 7. Bc4 e6 8. Bg5 h6 9. Bh4 O-O 10. O-O Nbd7 11. Qf3 c6 12. Rad1 Qc7 13. Bg3 Nxe5 14. Bxe5 Qe7 15. Rfe1 Bd7 16. Ne4 Nxe4 17. Qxe4 Rad8 18. Qf4 Bc8 19. c3 b6 20. h4 f6 21. Bc7 Rde8 22. Bd6 Qd7 23. Bxf8 Kxf8 24. Re3 b5 25. Bb3 a5 26. Rde1 a4 27. Bxe6 Rxe6 28. Rxe6 Qxe6 29. Rxe6 Bxe6 30. Qd6+ Kf7 31. Qxc6 Bxa2 32. d5 Bf8 33. Qd7+ Kg8 34. Qxb5 Be7 35. Qb8+ Kf7 36. d6 Bf8 37. d7 1-0


[Site "https://www.chess.com"]

[Event "Titled Tuesday Blitz June 6 Early 2023"]
[White "Mazurkiewicz, Michal"]
[Black "Sailer, Mike"]
[WhiteFideId "1124943"]
[BlackFideId "2012901"]
[WhiteElo "2063"]
[BlackElo "2109"]
[Result "1-0"]
[Round "5"]
[TimeControl "180+2"]
[Date "2023.06.06"]
[WhiteClock "0:01:30"]
[BlackClock "0:00:04"]
[Board "157"]

1. e4 d5 2. exd5 Qxd5 3. d3 Nc6 4. Nc3 Qd6 5. g3 Bf5 6. Bg2 Nf6 7. Nf3 e6 8. O-O O-O-O 9. Re1 h5 10. h3 h4 11. Bf4 Qd7 12. g4 Bg6 13. Bg5 Be7 14. Nxh4 Bh7 15. Nf3 Nd5 16. Nxd5 exd5 17. Bxe7 Nxe7 18. Ne5 Qe8 19. d4 f6 20. Nd3 Qf7 21. Nf4 Be4 22. f3 Bh7 23. Qe2 Nc6 24. Qe6+ Qxe6 25. Nxe6 Rd7 26. c3 Ne7 27. Nc5 Rd6 28. Rxe7 1-0


[Site "https://www.chess.com"]

[Event "Titled Tuesday Blitz June 6 Early 2023"]
[White "Clawitter, Craig"]
[Black "Marcziter, Dmitrii"]
[WhiteFideId "2023105"]
[BlackFideId "13900765"]
[WhiteElo "2230"]
[BlackElo "2162"]
[Result "0-1"]
[Round "5"]
[TimeControl "180+2"]
[Date "2023.06.06"]
[WhiteClock "0:00:09"]
[BlackClock "0:01:06"]
[Board "158"]

1. e4 c5 2. Nf3 a6 3. c3 d5 4. exd5 Qxd5 5. d4 Nf6 6. Be2 Bg4 7. O-O e6 8. Be3 cxd4 9. cxd4 Nc6 10. Nc3 Qd6 11. Rc1 Be7 12. Na4 O-O 13. Nc5 Ra7 14. Ne5 Bxe2 15. Qxe2 Nxd4 16. Bxd4 Qxd4 17. Rfd1 Qb4 18. Ncd7 Re8 19. a3 Qb5 20. Qe3 Raa8 21. b4 Rac8 22. Nb6 Rxc1 23. Rxc1 h6 24. h3 Nd5 25. Qd4 Qxb6 0-1


[Site "https://www.chess.com"]

[Event "Titled Tuesday Blitz June 6 Early 2023"]
[White "le-castor-faineant"]
[Black "Mogirzan, Matei-Valeriu"]
[BlackFideId "1257455"]
[WhiteElo "2230"]
[BlackElo "1733"]
[Result "0-1"]
[Round "5"]
[TimeControl "180+2"]
[Date "2023.06.06"]
[WhiteClock "0:00:12"]
[BlackClock "0:01:21"]
[Board "159"]

1. e4 e5 2. Nf3 Nf6 3. Nc3 Bc5 4. Bc4 Nc6 5. O-O d6 6. h3 h5 7. d3 Ng4 8. Na4 Nf6 9. Nxc5 dxc5 10. Bb5 Qe7 11. Bxc6+ bxc6 12. Nd2 Ng4 13. Nc4 Qh4 14. Qd2 f6 15. Qa5 O-O 16. Qxc7 f5 17. Qxc6 f4 18. f3 Nh2 19. Kxh2 Bxh3 20. Rf2 Bd7+ 21. Kg1 Bxc6 22. Nxe5 Rf6 23. Nxc6 Rxc6 24. Bd2 Rg6 25. Kf1 Qh1+ 26. Ke2 Qxa1 0-1


[Site "https://www.chess.com"]